AoeStats
← CazadorGT

Arena

510170408Analyzed
4v4 RM · 2d ago on Sep 29, 2026· 37m 23s· 8 players
Game mode
Random Map
Map size
Large (8 player)
Population
200
Speed
Normal
Resources
Standard
Victory
Conquest
Starting age
Dark Age
Ending age
Imperial Age
RankedLock teamsTeams togetherTeam positionsShared explorationLock speedFull tech treeHidden civsTurbo modeCheats
Victory
Defeat
🇨🇴 Persians · Colombia
1216
+13
🇷🇺 Poles · Russia
1193
+14
🇩🇪 Italians · Germany
1166
+15
🇺🇸 Goths · United States
1156
+15
🇬🇹 Bohemians · Guatemala
1180
-16
🇹🇼 Poles · Taiwan
1139
-14
🇨🇱 Huns · Chile
1131
-14
🇲🇽 Lithuanians · Mexico
1112
-13
Abraham16034735
10:34 Feudal Age
14:28 Castle Age
12:59 Double-Bit Axe
12:57 Horse Collar
14:36 Loom
18:22 Bow Saw
20:10 Heavy Plow
22:11 Wheelbarrow
21:36 Town Watch
23:51 Scale Barding Armor
CazadorGT
11:14 Feudal Age
15:28 Castle Age
13:25 Double-Bit Axe
13:21 Horse Collar
16:50 Fletching
19:15 Loom
22:27 Bodkin Arrow
28:14 Heavy Plow
31:33 Imperial Age
29:29 Fervor
30:44 Forging
30:46 Pikeman
32:05 Iron Casting
32:52 Scale Mail Armor
36:42 Bow Saw
[CL] Chinchilla ®
10:39 Feudal Age
12:39 Loom
15:42 Castle Age
14:23 Double-Bit Axe
14:20 Horse Collar
14:38 Gold Mining
17:36 Bow Saw
22:45 Wheelbarrow
24:36 Stone Mining
28:54 Imperial Age
26:40 Bloodlines
26:30 Husbandry
26:56 Forging
27:31 Hand Cart
28:22 Town Watch
29:24 Iron Casting
28:55 Scale Barding Armor
29:35 Marauders
29:56 Conscription
31:08 Blast Furnace
29:40 Elite Tarkan
33:58 Masonry
34:31 Chain Barding Armor
萊姆王帥帥毛
2:24 Loom
11:53 Feudal Age
12:28 Double-Bit Axe
12:26 Horse Collar
15:05 Scale Barding Armor
15:28 Gold Mining
16:51 Forging
17:53 Bloodlines
22:40 Castle Age
22:49 Light Cavalry
23:53 Chain Barding Armor
28:51 Stone Mining
31:50 Stone Shaft Mining
36:31 Wheelbarrow
38:33 Imperial Age
THEDEEPSE4 KING
11:01 Feudal Age
14:38 Castle Age
12:48 Double-Bit Axe
13:39 Horse Collar
15:57 Bow Saw
24:16 Wheelbarrow
23:46 Heavy Plow
26:28 Scale Mail Armor
26:39 Forging
27:42 Hand Cart
27:13 Loom
30:36 Imperial Age
28:27 Squires
28:28 Gold Mining
29:30 Anarchy
30:18 Chain Mail Armor
30:44 Elite Huskarl
31:51 Conscription
31:02 Pikeman
33:06 Perfusion
34:36 Iron Casting
33:38 Halberdier
JANGEL4107
0:27 Loom
12:23 Feudal Age
13:41 Wheelbarrow
16:10 Castle Age
14:19 Double-Bit Axe
15:01 Horse Collar
15:14 Gold Mining
17:00 Hand Cart
20:45 Heavy Plow
24:28 Fervor
29:25 Imperial Age
26:43 Town Watch
27:50 Bloodlines
27:42 Husbandry
27:56 Forging
29:11 Kamandaran
29:53 Iron Casting
29:23 Scale Barding Armor
29:27 Cavalier
30:46 Bow Saw
31:17 Ballistics
31:58 Chemistry
31:09 Masonry
32:10 Citadels
31:43 Crossbowman
32:19 Fletching
34:24 Gold Shaft Mining
34:52 Two-Man Saw
34:02 Thumb Ring
35:30 Conscription
34:51 Savar
35:56 Chain Barding Armor
KFC DIRECTOR
10:30 Feudal Age
12:13 Horse Collar
17:14 Castle Age
15:39 Double-Bit Axe
18:12 Heavy Plow
24:53 Scale Mail Armor
T.Mücke_63
9:50 Feudal Age
13:31 Castle Age
11:49 Double-Bit Axe
11:53 Loom
12:45 Stone Mining
18:49 Fletching
25:21 Bow Saw
36:46 Horse Collar
Connection lost

Rejoining the realm…

Still unreachable

The connection could not be restored.

Session expired

The server has moved on; the page needs a fresh start.